 Dungeon Crawl Stone Soup version 0.31-a0-198-g2ad674f65e (webtiles) character file.

Game seed: 16734376443996386093

194 qw the Skirmisher (level 5, -2/29 HPs)
             Began as a Deep Elf Hunter on June 25, 2023.
             Slain by Ijyb
             ... wielding a +0 club
              (5 damage)
             ... on level 4 of the Dungeon.
             The game lasted 00:00:55 (2696 turns).

qw the Skirmisher (Deep Elf Hunter)                 Turns: 2696, Time: 00:00:55

Health: -2/29      AC:  9    Str:  7    XL:     5   Next: 44%
Magic:  7/7        EV:  7    Int: 20    God:
Gold:   235        SH:  0    Dex: 18    Spells: 4/4 levels left

rFire   . . .        g - +2 longbow (heavy)
rCold   + . .        (shield currently unavailable)
rNeg    . . .        i - +0 ring mail
rPois   .            (no helmet)
rElec   .            (no cloak)
rCorr   .            d - +3 pair of gloves "Waesof" {rC+ Str-3 Int+6 Slay-6}
SInv    .            (no boots)
Will    .....        e - amulet of the acrobat
Stlth   +            (no ring)
HPRegen 0.24/turn    (no ring)
MPRegen 0.10/turn

%: acrobat
@: grasped by roots, constricted
A: talons 1, high MP 1, MP-powered wands
a: no special abilities


You were on level 4 of the Dungeon.
You visited 1 branch of the dungeon, and saw 5 of its levels.

You collected 235 gold pieces.


Innate Abilities, Weirdness & Mutations

You have sharp toenails.
You have an increased reservoir of magic. (+10% MP)
You expend magic power (3 MP) to strengthen your wands.


   Skills:
 + Level 1.5 Fighting
 - Level 9.0 Ranged Weapons
 - Level 2.4 Dodging
 - Level 1.2 Stealth


You had 4 spell levels left.
You didn't know any spells.
Your spell library was empty.

Inventory:

Hand Weapons
 g - a +2 heavy longbow (weapon)
Armour
 d - the +3 pair of gloves "Waesof" (worn) {rC+ Str-3 Int+6 Slay-6}
   (You acquired it on level 5 of the Dungeon)

   Str:       It affects your strength (-3).
   Int:       It affects your intelligence (+6).
   Slay:      It affects your accuracy & damage with ranged weapons and melee
   (-6).
   rC:        It protects you from cold.
 i - a +0 ring mail (worn)
Jewellery
 e - an amulet of the acrobat (around neck)
Scrolls
 a - a scroll of identify
 f - 2 scrolls of teleportation
Potions
 b - 2 potions of haste
 c - a potion of resistance
 h - 2 potions of curing

Dungeon Overview and Level Annotations

Branches:
Dungeon (5/15)
 Temple: D:4-7

Altars:
Dithmenos
Elyvilon
Ru
Zin
The Shining One

Shops:
D:3 [

Annotations:
D:4 Ijyb


Message History

Ijyb hits you but does no damage.
Ijyb zaps a wand.
The roots erupt in riotous growth!
The grasping roots grab you!
Ijyb is unaffected.
The grasping roots constrict you.
You hear a shout!
The grasping roots release their grip on you.
You shoot an arrow. The arrow misses Ijyb.
Ijyb barely misses you. Ijyb hits you but does no damage.
You shoot an arrow. The arrow closely misses Ijyb.
Ijyb zaps a wand.
The roots erupt in riotous growth!
The grasping roots grab you!
Ijyb is unaffected.
The grasping roots constrict you. Ijyb hits you with a +0 club.
The grasping roots constrict you.
You shoot an arrow. The arrow closely misses Ijyb.
Ijyb hits you but does no damage. The grasping roots constrict you.
Ijyb hits you but does no damage. The grasping roots constrict you!
The grasping roots release their grip on you.
You shoot an arrow. The arrow hits Ijyb but does no damage.
Ijyb is heavily wounded.
Ijyb hits you with a +0 club.
Ijyb zaps a wand.
The roots erupt in riotous growth!
The grasping roots grab you!
Ijyb is unaffected.
The grasping roots constrict you.
You shoot an arrow. The arrow hits Ijyb but does no damage.
Ijyb is heavily wounded.
Ijyb hits you but does no damage. The grasping roots constrict you.
Ijyb hits you but does no damage. The grasping roots constrict you.
An orc comes into view. It is wielding a +0 dagger.
The grasping roots release their grip on you.
You shoot an arrow. The arrow closely misses Ijyb.
Ijyb hits you but does no damage.
Ijyb screams, "Die!"
Ijyb zaps a wand.
The roots erupt in riotous growth!
The grasping roots grab you!
Ijyb is unaffected.
The grasping roots constrict you.
You hear a shout!
You shoot an arrow. The arrow completely misses Ijyb.
Ijyb closely misses you. The grasping roots constrict you.
Ijyb hits you with a +0 club.
You die...

............~~~8~~~##..#.##
............~_._._~.......#
............~~'''~~##.#.###
.............}}.}}........#
...#...##+#.#...##.....)..#
...#...##.#.#...........###
...######.#.##........#.#
...#### #.#.............#
......###......o@########
....)........###g#
....)........# #.#
............(# #.#
..###.....#### #.#
..........# #.# ..........#
#.# ..[......... >..
........###


You could see Ijyb and an orc.

Vanquished Creatures
  A phantom (D:4)
  4 adders
  3 dart slugs
  2 orcs (D:4)
  9 ball pythons
  7 bats
  8 endoplasms
  A giant cockroach (D:3)
  8 goblins
  8 hobgoblins
  7 jackals
  4 kobolds
  A quokka (D:4)
  3 frilled lizards
  4 rats
70 creatures vanquished.

Notes
Turn   | Place    | Note
-------+----------+-------------------------------------------
     0 | D:1      | qw the Deep Elf Hunter began the quest for the Orb.
     0 | D:1      | Reached XP level 1. HP: 12/12 MP: 3/3
     0 | D:1      | 0 ||| qw: Version: 0.3-a-22-g0ed2b0b
     0 | D:1      | 0 ||| qw: Game counter: 5318
     0 | D:1      | 0 ||| qw: Melee chars always use a shield: true
     0 | D:1      | 0 ||| qw: God list: Okawaru
     0 | D:1      | 0 ||| qw: Allow faded altars: false
     0 | D:1      | 0 ||| qw: Do Orc after clearing Dungeon:15 true
     0 | D:1      | 0 ||| qw: Do second Lair branch before Depths: true
     0 | D:1      | 0 ||| qw: Lair rune preference: random
     0 | D:1      | 0 ||| qw: Goals: Normal
     0 | D:1      | 0 ||| PLANNING D:1-11
    99 | D:1      | 99 ||| FLEEEEING.
   100 | D:1      | 100 ||| FLEEEEING.
   107 | D:1      | Reached XP level 2. HP: 15/16 MP: 4/4
   138 | D:1      | Reached skill level 6 in Ranged Weapons
   583 | D:1      | Reached XP level 3. HP: 14/20 MP: 5/5
   732 | D:1      | 732 ||| UPGRADING to amulet of the acrobat.
   737 | D:1      | 737 ||| DROPPING +6 ring of intelligence.
   738 | D:1      | 738 ||| READING scroll labelled VIYN ZEBOHUHI.
   743 | D:1      | 743 ||| READING 2 scrolls labelled RIASAU WEAFF.
   744 | D:1      | 744 ||| READING scroll of enchant weapon.
   744 | D:1      | 744 ||| ENCHANTING +1 shortbow.
   745 | D:1      | 745 ||| READING scroll labelled PAXTILLESE.
   746 | D:1      | 746 ||| DRINKING 2 fizzy brown potions.
   747 | D:1      | 747 ||| DRINKING 2 bubbling orange potions.
   748 | D:1      | 748 ||| DROPPING scroll of butterflies.
   749 | D:1      | 749 ||| DROPPING potion of invisibility.
   780 | D:2      | Reached skill level 7 in Ranged Weapons
  1065 | D:2      | 1065 ||| FLEEEEING.
  1193 | D:2      | Reached XP level 4. HP: 23/25 MP: 6/6
  1531 | D:2      | 1531 ||| READING scroll labelled XEREMUMIMA.
  1532 | D:2      | 1532 ||| READING scroll labelled NAUROZ VARGH.
  1638 | D:3      | You fall into a shaft and drop 2 floors!
  1638 | D:5      | Entered Level 5 of the Dungeon
  1653 | D:5      | 1653 ||| READING scroll labelled DABOHAM ISSACA.
  1654 | D:5      | 1654 ||| READING 2 scrolls labelled FEROON MIAFIFF.
  1654 | D:5      | Identified 2 scrolls of acquirement
  1654 | D:5      | 1654 ||| ACQUIRING +3 pair of gloves "Waesof" {rC+ Str-3
                  | Int+6 Slay-6}
  1654 | D:5      | Acquired the +3 pair of gloves "Waesof" {rC+ Str-3 Int+6
                  | Slay-6}
  1656 | D:5      | 1656 ||| UPGRADING to +3 pair of gloves "Waesof" {rC+ Str-3
                  | Int+6 Slay-6}.
  1661 | D:5      | 1661 ||| READING scroll of acquirement.
  1661 | D:5      | 1661 ||| ACQUIRING +2 heavy longbow
  1661 | D:5      | Acquired a +2 heavy longbow
  1663 | D:5      | 1663 ||| SWAPPING to +2 heavy longbow.
  1664 | D:5      | 1664 ||| DROPPING +2 shortbow.
  1681 | D:4      | Noticed a phantom
  1684 | D:4      | Killed a phantom
  1685 | D:4      | Reached skill level 8 in Ranged Weapons
  1685 | D:4      | Reached XP level 5. HP: 29/29 MP: 7/7
  1727 | D:4      | 1727 ||| UPGRADING to +0 ring mail.
  1737 | D:4      | 1737 ||| DROPPING +0 leather armour.
  1738 | D:4      | 1738 ||| READING scroll labelled PIJILA VATISO.
  1740 | D:4      | 1740 ||| Stepping ~*~*~tactically~*~*~ (cloud).
  1842 | D:4      | 1842 ||| STAIRDANCE
  2179 | D:3      | Found Siyxt's Armour Boutique.
  2188 | D:3      | 2188 ||| SHOPLISTING +1 helmet of intelligence (231 gold,
                  | have 224).
  2262 | D:3      | Found a sacrificial altar of Ru.
  2358 | D:3      | Found a shadowy altar of Dithmenos.
  2483 | D:3      | 2483 ||| DRINKING 3 black potions.
  2484 | D:3      | 2484 ||| DRINKING 2 red potions.
  2485 | D:3      | 2485 ||| DRINKING 2 fizzy ruby potions.
  2485 | D:3      | Gained mutation: You occasionally lose the ability to read
                  | scrolls when taking damage. [potion of mutation]
  2485 | D:3      | Gained mutation: You have sharp toenails. [potion of
                  | mutation]
  2485 | D:3      | Gained mutation: You have an increased reservoir of magic.
                  | (+10% MP) [potion of mutation]
  2486 | D:3      | 2486 ||| DRINKING potion of mutation.
  2486 | D:3      | Lost mutation: You have an increased reservoir of magic.
                  | (+10% MP) [potion of mutation]
  2486 | D:3      | Lost mutation: You have sharp toenails. [potion of
                  | mutation]
  2486 | D:3      | Lost mutation: You occasionally lose the ability to read
                  | scrolls when taking damage. [potion of mutation]
  2486 | D:3      | Gained mutation: You have sharp toenails. [potion of
                  | mutation]
  2486 | D:3      | Gained mutation: You expend magic power (3 MP) to
                  | strengthen your wands. [potion of mutation]
  2486 | D:3      | Gained mutation: You have an increased reservoir of magic.
                  | (+10% MP) [potion of mutation]
  2640 | D:4      | Reached skill level 9 in Ranged Weapons
  2644 | D:4      | Found a white marble altar of Elyvilon.
  2646 | D:4      | Found a glowing silver altar of Zin.
  2652 | D:4      | Found a glowing golden altar of the Shining One.
  2685 | D:4      | Noticed Ijyb
  2696 | D:4      | HP: 3/29 [constriction (6)]
  2696 | D:4      | Slain by Ijyb

Levels and vault maps discovered:
D:1:      matt_arrival_refuge, layout_basic
D:2:      layout_loops_cross, minivault_5
D:3:      layout_loops_ring, nicolae_ru_path_of_blood,
          mainiacjoe_overflow_catwalk, serial_shops, shop,
          minmay_misc_feat_cross
D:4:      layout_basic, good_gods_mini_temple, grunt_qazlal_clouds,
          minmay_parallelograms, uniq_duvessa, uniq_ijyb, uniq_menkaure
D:5:      layout_rooms, grunt_gozag_breadcrumbs,
          pdpol_wu_jian_five_deadly_venoms, minmay_manual_mares, uniq_sigmund

Skill      XL: |  1  2  3  4  5 |
---------------+----------------+-----
Ranged Weapons | 6 7 8 9 |  9.0
Fighting       | |  1.5
Dodging        | |  2.4
Stealth        | |  1.2

Action                     |  1- 3 |  4- 6 || total
---------------------------+-------+-------++-------
   Fire: Shortbow          |    90 |    13 ||   103
         Longbow           |       |    58 ||    58
    Use: Scroll            |     4 |     6 ||    10
         Potion            |     2 |     4 ||     6
 Armour: Leather armour    |    10 |       ||    10
         Ring mail         |       |    32 ||    32
  Dodge: Dodged            |    23 |    19 ||    42

Table legend:
 A = Non-vault XP
 B = Vault XP
 C = Vault XP percentage of total XP
 D = Non-vault monster count
 E = Vault monster count
 F = Vault count percentage of total count
                 A         B        C        D         E       F
            +---------+---------+-------+---------+---------+-------
      Total |     278 |       0 |   0.0 |      70 |       0 |   0.0
            +---------+---------+-------+---------+---------+-------
        D:1 |      44 |       0 |   0.0 |      22 |       0 |   0.0
        D:2 |      61 |       0 |   0.0 |      21 |       0 |   0.0
        D:3 |      37 |       0 |   0.0 |      16 |       0 |   0.0
        D:4 |     136 |       0 |   0.0 |      11 |       0 |   0.0
            +---------+---------+-------+---------+---------+-------
